 Dungeon Crawl Stone Soup version 0.21-a0-331-gfb491b4 (webtiles) character file.

16 4thArraOfDagon the Ducker (level 2, -1/26 HPs)
             Began as a Gnoll Wanderer on Oct 2, 2017.
             Was an Initiate of Zin.
             Slain by a water moccasin (8 damage)
             ... on level 2 of the Dungeon.
             The game lasted 00:01:09 (219 turns).

4thArraOfDagon the Ducker (Gnoll Wanderer)           Turns: 219, Time: 00:01:10

Health: -1/26      AC:  2    Str: 14 (15) XL:     2   Next: 54%
Magic:  2/2        EV: 15    Int: 11 (12) God:    Zin [......]
Gold:   36         SH:  5    Dex: 12 (15) Spells: 1/1 levels left

rFire    . . .     SeeInvis .   a - +2 mace
rCold    . . .     Gourm    .   c - +0 buckler
rNeg     . . .     Faith    .   d - +0 robe
rPois    .         Spirit   .   (no helmet)
rElec    .         Reflect  .   (no cloak)
rCorr    .         Harm     .   (no gloves)
MR       .....                  (no boots)
Stlth    ++........             (no amulet)
HPRegen  0.08/turn              (no ring)
MPRegen  0.08/turn              (no ring)

@: lethally poisoned (-1 -> -9)
A: distributed training, fangs 1, strong nose
a: Donate Gold, Renounce Religion


You were on level 2 of the Dungeon.
You worshipped Zin.
Zin was noncommittal.
You were not hungry.

You visited 1 branch of the dungeon, and saw 2 of its levels.

You collected 39 gold pieces.
You donated 3 gold pieces to Zin.

Inventory:

Hand Weapons
 a - a +2 mace (weapon)
 e - a +0 dagger
Armour
 c - a +0 buckler (worn)
 d - a +0 robe (worn)
Potions
 b - 2 potions of lignification
Comestibles
 f - a bread ration


   Skills:
 + Level 4.5 Fighting
 + Level 0.4 Short Blades
 + Level 0.4 Long Blades
 + Level 0.4 Axes
 + Level 2.5 Maces & Flails
 + Level 0.4 Polearms
 + Level 0.4 Staves
 + Level 0.4 Slings
 + Level 0.4 Bows
 + Level 0.4 Crossbows
 + Level 0.4 Throwing
 + Level 0.4 Armour
 + Level 6.5 Dodging
 + Level 4.1 Stealth
   Level 0.0 Stabbing
 + Level 4.5 Shields
   Level 0.0 Traps
 + Level 0.4 Unarmed Combat
 + Level 0.4 Spellcasting
 + Level 0.4 Conjurations
 + Level 0.4 Hexes
 + Level 0.4 Charms
 + Level 0.4 Summonings
 + Level 0.4 Necromancy
 + Level 0.4 Translocations
 + Level 0.4 Transmutations
 + Level 0.4 Fire Magic
 + Level 0.4 Ice Magic
 + Level 0.4 Air Magic
 + Level 0.4 Earth Magic
 + Level 0.4 Poison Magic
 + Level 0.4 Invocations
 + Level 0.4 Evocations


You had one spell level left.
You didn't know any spells.

Dungeon Overview and Level Annotations

Branches:
Dungeon (2/15)

Altars:
Cheibriados
Gozag
Zin


Innate Abilities, Weirdness & Mutations

Your experience applies equally to all skills.
You have very sharp teeth.
Your uncanny sense of smell can sniff out nearby items.


Message History

The water moccasin is heavily wounded.
You feel sick.
The water moccasin bites you but does no damage.
The water moccasin bites you.
You hit the water moccasin. You bite the water moccasin.
The water moccasin is heavily wounded.
You feel sick. You block the water moccasin's attack.
The water moccasin barely misses you.
You barely miss the water moccasin.
The water moccasin is heavily wounded.
You feel sick. The water moccasin barely misses you.
You hit the water moccasin.
The water moccasin is heavily wounded.
The water moccasin bites you.
The water moccasin bites you but does no damage.
You hit the water moccasin.
The water moccasin is severely wounded.
* * * LOW HITPOINT WARNING * * *
You feel sick. The water moccasin bites you!
You die...

###.....# #..........#
##.....# #..........#
##......########..........#
#.####.##.................#
..####....................#
....####................[.#
..#...##..............#####
..............#...###.#
.###..........##@.# .#
.......#.####.##S'# ?#
.####..#.# ..##..≈# # .#
#....# .###__## . #....# .#
#⌠⌠# ...... #### .......#
........ ....#.##.#


You could see a water moccasin.

Vanquished Creatures
  2 oozes (D:1)
  A bat (D:1)
  2 goblins (D:1)
  A frilled lizard (D:2)
  A kobold (D:1)
  A rat (D:1)
8 creatures vanquished.

Notes
Turn   | Place    | Note
-------+----------+-------------------------------------------
     0 | D:1      | 4thArraOfDagon the Gnoll Wanderer began the quest for the Orb.
     0 | D:1      | 4thArraOfDagon set off with: a +2 mace, a potion of lignification, a +0 buckler, a +0 robe, a +0 dagger, a bread ration
     0 | D:1      | Reached XP level 1. HP: 20/20 MP: 1/1
    42 | D:1      | Reached XP level 2. HP: 24/26 MP: 2/2
   172 | D:2      | Found a glowing silver altar of Zin.
   176 | D:2      | Became a worshipper of Zin the Law-Giver
   210 | D:2      | Found an opulent altar of Gozag.
   210 | D:2      | Found a snail-covered altar of Cheibriados.
   210 | D:2      | Noticed a water moccasin
   219 | D:2      | Slain by a water moccasin

Vault maps used:
D:1:      erik_arrival_gehennom
D:2:      nicolae_tso_swordbearing_angel, makhleb_heckhound_becter,
          zin_scriptorium, gammafunk_temple_overflow_wave,
          hangedman_abyss_or_decor_lesser_grid, serial_bayou_lake_a

Action                   || total
-------------------------++-------
Melee: Mace              ||    26
       Bite              ||     2
  Use: Scroll            ||     1
       Potion            ||     1
 Stab: Sleeping          ||     5
Armor: Robe              ||     4
Dodge: Dodged            ||    15
Block: Buckler           ||     5

Table legend:
 A = Spawn XP
 B = Non-spawn XP
 C = Spawn XP percentage of total XP
 D = Spawn monster count
 E = Non-spawn monster count
 F = Spawn count percentage of total count
 G = Total turns spent on level
                    A         B        C        D         E        F      G
               +---------+---------+-------+---------+---------+-------+---------
         Total |       0 |      23 |   0.0 |       0 |       8 |   0.0 |   219
               +---------+---------+-------+---------+---------+-------+---------
           D:1 |       0 |      22 |   0.0 |       0 |       7 |   0.0 |   166
           D:2 |       0 |       1 |   0.0 |       0 |       1 |   0.0 |    53
               +---------+---------+-------+---------+---------+-------+---------
